 Dungeon Crawl Stone Soup version 0.28-a0-10-g964c8b829e (webtiles) character file.

Game seed: 17579592636015611132

7 Lekart the Skirmisher (level 1, -1/19 HPs)
             Began as a Draconian Chaos Knight on July 25, 2021.
             Was a Plaything of Xom.
             Slain by a gnoll (5 damage)
             ... on level 1 of the Dungeon.
             The game lasted 00:00:11 (96 turns).

Lekart the Skirmisher (Draconian Chaos Knight)        Turns: 96, Time: 00:00:12

Health: -1/19      AC:  5    Str: 14    XL:     1   Next: 83%
Magic:  1/1        EV: 12    Int: 12    God:    Xom [..*...]
Gold:   0          SH:  0    Dex: 10    Spells: 0/0 levels left

rFire   . . .      SeeInvis .   a - +0 falchion (chaos)
rCold   . . .      Faith    .   (no shield)
rNeg    . . .      Spirit   .   (armour unavailable)
rPois   .          Reflect  .   (helmet restricted)
rElec   .          Harm     .   b - +0 cloak
rCorr   .          Rampage  .   (no gloves)
Will    .....                   (no boots)
Stlth   +.........              (no amulet)
HPRegen 0.06/turn               (no ring)
MPRegen 0.07/turn               (no ring)

@: no status effects
A: AC +4, unfitting armour, cold-blooded
a: Renounce Religion


You were on level 1 of the Dungeon.
You worshipped Xom.
You were a toy of Xom.
You visited 1 branch of the dungeon, and saw 1 of its levels.

Inventory:

Hand Weapons
 a - a +0 falchion of chaos (weapon)
Armour
 b - a +0 cloak (worn)


   Skills:
 + Level 3.5 Fighting
 + Level 3.2 Long Blades
 + Level 2.2 Dodging


You couldn't memorise any spells.
You didn't know any spells.
Your spell library was empty.

Dungeon Overview and Level Annotations

Branches:
Dungeon (1/15)

Altars:


Innate Abilities, Weirdness & Mutations

Your plain brown scales are hard. (AC +4)
You cannot fit into any form of body armour.
You are cold-blooded and may be slowed by cold attacks.


Message History

The ball python bites you but does no damage.
The ball python misses you. The dart slug launches a dart at you.
The slug dart misses you.
There are monsters nearby!
You hit the kobold but do no damage.
The kobold resists with some effort.
You tail-slap the kobold.
The kobold is moderately wounded.
The bat closely misses you. The kobold misses you.
You riposte.
You slash the kobold! You burn the kobold.
You kill the kobold!
The ball python bites you but does no damage.
The ball python grabs you. The ball python constricts you.
The gnoll barely misses you.
There are monsters nearby!
You hit the ball python.
You kill the ball python!
The bat hits you but does no damage. The gnoll hits you with a +0 flail!
Ouch! That really hurt!
The kobold closely misses you.
There are monsters nearby!
You are too injured to fight recklessly!
There are monsters nearby!
You are too injured to fight recklessly!
There are monsters nearby!
You are too injured to fight recklessly! "Let's try an experiment, hmmm?"
Nothing appears to happen...
Ominous!
The bat hits you. The kobold hits you but does no damage.
The bat barely misses you.
You riposte.
You hit the bat. You freeze the bat.
You kill the bat!
The kobold hits you with a +0 short sword.
* * * LOW HITPOINT WARNING * * *
You open the door.
An endoplasm comes into view.
The dart slug bites you.
* * * LOW HITPOINT WARNING * * *
The gnoll hits you with a +0 flail.
You die...
Xom guffaws!

########## #
#........#
##.##........#
+.J.'........+
#@.......#
#gw......#
#K.†.....#
#........#
#).†.....#
#........#
#........#
#........#
##########


You could see a gnoll, a dart slug, an endoplasm (asleep) and a kobold.

Vanquished Creatures
  An endoplasm (D:1)
  A goblin (D:1)
  A kobold (D:1)
  2 ball pythons (D:1)
  A bat (D:1)
6 creatures vanquished.

Notes
Turn   | Place    | Note
-------+----------+-------------------------------------------
     0 | D:1      | Lekart the Draconian Chaos Knight began the quest for the
                  | Orb.
     0 | D:1      | Reached XP level 1. HP: 19/19 MP: 1/1
    92 | D:1      | XOM: silly message
    96 | D:1      | Slain by a gnoll

Illustrated notes

Levels and vault maps discovered:
D:1:      mrwooster_arrival_statue_3, layout_basic

Action                   || total
-------------------------++-------
Melee: Falchion          ||     7
       Tailslap          ||     1
Armor: Skin              ||     6
Dodge: Dodged            ||    11
       Rpst.: Falchion   ||     3

Table legend: (Time is in decaauts)
 A = Elapsed time spent in this place.
 B = Non-inter-level travel time spent in this place.
 C = Inter-level travel time spent in this place.
 D = Time resting spent in this place.
 E = Time spent auto-exploring this place.
 F = Levels seen in this place.
 G = Mean time per level.
                   A        B        C        D        E       F      G
               +--------+--------+--------+--------+--------+-----+--------+
         Total |     97 |     97 |      0 |      0 |     69 |   1 |   97.0 |
       Dungeon |     97 |     97 |      0 |      0 |     69 |   1 |   97.0 |
               +--------+--------+--------+--------+--------+-----+--------+

Top non-repeatable levels by time:
     D:1: 97 daAuts
